Map: Jagannatha LE

Players

Erik

  • Race: Zerg Zerg
  • League: Master

SpeCial - Winner!

  • Race: Terran Terran
  • League: Master

Event: DreamHack SC2 Masters 2021 Summer

VOD

Have the link to the VOD?

Description

Time

  • Played on: May 30, 2021, 6:58 p.m.
  • Length: 10:13

All games in this series

Show
View Real Time Build Order
Export as new Build Order

Erik Zerg 

Build Orders: Hatch First, Muta Ling Bane 

Get SALT Encoding   

  12  0:00  Drone  
  13  0:12  Overlord  
  13  0:17  Drone  
  14  0:31  Drone x2  
  16  0:48  Hatchery  
  15  0:51  Drone  
  15  0:54  Drone  
  17  0:58  Drone  
  18  1:08  Extractor  
  17  1:13  Spawning Pool  
  17  1:16  Drone  
  17  1:20  Drone  
  18  1:27  Drone  
  19  1:39  Drone  
  20  1:49  Drone  
  21  1:59  Queen  
  21  2:00  Queen  
  21  2:01  Zergling x4  
  27  2:14  Hatchery  
  26  2:19  Overlord  
  26  2:21  Drone  
  27  2:25  Drone  
  27  2:30  Metabolic Boost  
  27  2:39  Drone x3  
  30  2:46  Queen  
  32  2:54  Overlord  
  32  2:55  Drone x2  
  32  2:58  Drone  
  35  3:09  Overlord  
  35  3:12  Drone x2  
  37  3:13  Drone x2  
  37  3:17  Zergling x2  
  40  3:20  Drone  
  40  3:24  Queen  
  43  3:28  Roach Warren  
  43  3:33  Queen  
  44  3:34  Drone  
  45  3:43  Overlord  
  45  3:46  Drone x3, Extractor  
  47  3:49  Extractor  
  47  3:53  Zergling x2  
  47  3:54  Zergling x6  
  50  3:58  Drone  
  50  4:00  Spore Crawler  
  50  4:02  Drone  
  51  4:06  Overlord  
  52  4:20  Roach x6  
  64  4:30  Roach x4  
  70  4:44  Overlord x2  
  70  4:46  Zergling x8  
  70  4:52  Overlord x2  
  74  5:06  Ravager x3  
  77  5:07  Ravager  
  77  5:08  Zergling x12  
  84  5:16  Zergling x8  
  84  5:20  Ravager  
  84  5:21  Ravager  
  90  5:28  Drone x5  
  75  5:38  Drone x6  
  76  5:43  Drone  
  76  5:48  Drone  
  76  5:49  Drone x2  
  73  5:52  Drone  
  73  5:55  Lair  
  73  5:56  Extractor  
  68  5:59  Extractor  
  68  6:00  Extractor  
  68  6:02  Zergling x8  
  70  6:06  Drone x3  
  73  6:11  Baneling Nest  
  73  6:12  Drone x2  
  73  6:14  Drone  
  74  6:24  Zergling x2  
  74  6:25  Zergling x4  
  76  6:39  Drone x9  
  78  6:47  Spore Crawler  
  78  6:54  Overseer  
  73  6:55  Drone x5  
  73  6:59  Drone  
  77  7:03  Drone x4  
  78  7:11  Centrifical Hooks  
  76  7:16  Spore Crawler  
  75  7:23  Drone x2  
  75  7:24  Spire  
  75  7:25  Zergling x2  
  75  7:26  Zergling x14  
  84  7:38  Overlord  
  84  7:39  Baneling x6  
  84  7:41  Zergling x8  
  88  7:45  Baneling  
  88  7:46  Hatchery, Baneling x9  
  88  7:47  Baneling x2  
  87  8:00  Zergling x12  
  87  8:02  Hatchery  
  89  8:17  Zergling x14  
  89  8:18  Zergling x6  
  98  8:23  Hatchery  
  91  8:41  Mutalisk x7  
  92  8:44  Overlord x4  
  92  8:48  Overlord x2  
  105  8:56  Overlord x2  
  105  9:03  Mutalisk x2  
  105  9:04  Mutalisk x4  
  105  9:07  Mutalisk  
  115  9:14  Baneling x6  
  115  9:16  Zergling x10  
  117  9:23  Zergling x8  
  114  9:25  Baneling x8  
  114  9:36  Zergling x16  
  115  9:46  Mutalisk x4  
  115  9:51  Baneling x2  
  115  9:52  Baneling x7  
Show
View Real Time Build Order
Export as new Build Order

SpeCial Terran - Winner!

Build Orders: Reaper Expand, Hellion Banshee 

Get SALT Encoding   

  12  0:00  SCV  
  13  0:12  SCV  
  14  0:17  Supply Depot  
  14  0:24  SCV  
  15  0:39  SCV  
  15  0:40  Barracks  
  16  0:43  Refinery  
  16  0:51  SCV  
  17  1:03  SCV  
  18  1:15  SCV  
  19  1:28  Reaper, Orbital Command  
  20  1:41  Command Center  
  20  1:52  Supply Depot  
  21  1:54  SCV  
  21  2:00  Marine  
  22  2:06  SCV  
  23  2:15  Factory  
  23  2:18  SCV  
  25  2:23  Barracks Reactor  
  24  2:31  SCV  
  25  2:40  Command Center  
  25  2:44  SCV  
  26  2:54  Orbital Command  
  26  2:56  SCV  
  27  3:03  Starport  
  27  3:09  SCV  
  27  3:11  Hellion  
  30  3:14  Hellion  
  32  3:21  Refinery, SCV x2  
  32  3:23  Marine  
  35  3:36  SCV x2  
  35  3:38  Hellion  
  35  3:39  Hellion  
  35  3:40  Starport Tech Lab  
  41  3:48  SCV x2  
  43  3:53  Orbital Command  
  43  3:54  Supply Depot  
  43  4:00  SCV  
  44  4:03  Hellion x2  
  44  4:04  SCV  
  44  4:09  Barracks Tech Lab  
  51  4:12  SCV  
  51  4:17  SCV  
  52  4:24  SCV  
  52  4:25  Banshee  
  52  4:28  Marine  
  52  4:29  Stimpack  
  53  4:35  Hellion x2  
  53  4:37  Bunker  
  53  4:38  Bunker  
  57  4:41  SCV  
  57  4:44  SCV  
  57  4:45  Bunker  
  60  4:46  Cloaking Field  
  60  4:49  Orbital Command, Marine  
  60  4:53  SCV  
  60  4:56  SCV  
  62  5:00  Barracks  
  62  5:02  Factory Reactor  
  62  5:04  Barracks  
  62  5:07  Marine  
  62  5:10  Banshee  
  62  5:11  Supply Depot  
  62  5:13  SCV x2  
  66  5:25  Marine  
  67  5:29  SCV  
  67  5:35  SCV  
  67  5:36  SCV  
  67  5:41  SCV  
  69  5:43  Marine  
  69  5:47  SCV  
  69  5:49  SCV, Engineering Bay  
  70  5:50  Engineering Bay  
  70  5:58  Refinery  
  70  5:59  Refinery  
  70  6:00  SCV x2  
  70  6:01  SCV, Marine  
  74  6:09  Supply Depot  
  74  6:11  Combat Shield  
  74  6:12  SCV  
  74  6:16  Starport Reactor, Terran Infantry Weapons Level 1  
  75  6:18  Marine  
  75  6:20  SCV  
  77  6:28  Supply Depot  
  77  6:29  Supply Depot  
  77  6:30  Marine x3  
  77  6:31  SCV x2, Siege Tank  
  85  6:38  SCV, Marine x2  
  81  6:43  SCV  
  81  6:45  SCV  
  74  6:48  Marine x3  
  74  6:50  SCV  
  74  6:54  Medivac x2  
  82  6:55  SCV, Marine  
  82  6:56  Marine  
  82  6:59  SCV  
  82  7:04  Terran Infantry Armor Level 1  
  82  7:06  Marine x3  
  83  7:09  SCV x2  
  83  7:11  SCV  
  83  7:12  Siege Tank  
  83  7:13  Marine x2  
  90  7:21  SCV, Supply Depot  
  90  7:22  SCV  
  92  7:24  Marine x3  
  92  7:27  Barracks  
  92  7:28  Barracks  
  92  7:29  SCV  
  96  7:31  Marine x2  
  96  7:34  SCV x2, Supply Depot  
  96  7:35  Supply Depot  
  100  7:41  SCV  
  100  7:42  Marine x3  
  100  7:44  Siege Tank  
  107  7:46  SCV x2  
  107  7:47  Supply Depot x2  
  107  7:50  Refinery  
  109  7:55  SCV, Marine x2  
  109  7:56  Medivac x2  
  116  8:00  Marine x2  
  116  8:02  SCV x2  
  116  8:05  Factory  
  120  8:06  Supply Depot  
  120  8:08  Marine, Supply Depot  
  120  8:11  SCV  
  121  8:13  Marine x2  
  121  8:14  SCV  
  121  8:16  Barracks Reactor  
  121  8:17  Barracks Reactor  
  123  8:20  Marine  
  123  8:26  Marine x2  
  121  8:27  Command Center  
  121  8:30  Widow Mine, Marine x2  
  121  8:31  SCV x2  
  128  8:36  SCV  
  128  8:37  Marine  
  130  8:41  Supply Depot x2  
  130  8:43  Armory  
  130  8:44  Marine x2  
  132  8:48  Marine x2  
  132  8:50  Factory Reactor  
  132  8:53  Sensor Tower  
  131  8:55  Marine  
  131  9:02  Marine x6  
  138  9:06  Marine x2  
  138  9:13  Marine, Medivac x2  
  138  9:16  Widow Mine  
  144  9:19  Marine  
  144  9:20  Marine x4  
  144  9:24  Missile Turret  
  145  9:25  Marine x2, Missile Turret x2  
  145  9:27  Marine  
  145  9:30  Widow Mine x2  
  145  9:31  Marine  
  152  9:37  Marine x2  
  152  9:38  Marine  
  155  9:40  Marine x2  
  155  9:43  Marine x2  
  156  9:46  Marine  
  156  9:49  Marine  
Tags
 
Add a new tag
Caveats
  • Supply blocks, unpowered buildings, or Contaminate may cause inaccurate times.
  • Supply counts are checked every 10 seconds.